Map: Efflorescence LE

Players

Massa - Winner!

  • Race: Terran Terran
  • League: Platinum
  • Spawn Location: 12:00

qqq - Winner!

  • Race: Zerg Zerg
  • Spawn Location: 3:00

RsTich

  • Race: Zerg Zerg
  • League: Diamond
  • Spawn Location: 9:00

KäseKurt

  • Race: Protoss Protoss
  • Spawn Location: 6:00

VOD

Have the link to the VOD?

Description

Time

  • Played on: Jan. 29, 2021, 9:52 a.m.
  • Length: 4:33
Show
View Real Time Build Order
Export as new Build Order

Massa Terran - Winner!

Build Orders:  

Get SALT Encoding   

  12  0:00  SCV  
  13  0:12  SCV  
  14  0:18  Supply Depot  
  14  0:26  SCV  
  15  0:40  SCV, Barracks  
  16  0:48  Supply Depot  
  16  0:52  SCV  
  17  1:00  Refinery  
  17  1:13  SCV  
  18  1:25  SCV  
  19  1:36  Barracks  
  19  1:37  SCV  
  20  1:40  Barracks  
  20  1:47  Barracks Tech Lab  
  20  2:08  Marine  
  21  2:12  Orbital Command  
  21  2:24  Marine, Stimpack  
  21  2:26  Marine  
  21  2:28  Marine  
  24  2:32  Supply Depot  
  24  2:42  Marine  
  27  2:44  Marauder  
  27  2:46  Marine  
  28  3:00  Marine  
  28  3:03  Marine  
  32  3:05  Marauder  
  32  3:18  Marine  
  33  3:21  Marine, Supply Depot  
  36  3:27  Marauder  
  36  3:36  Marine  
  36  3:39  Marine  
  40  3:48  Marauder  
  40  3:54  Marine  
  41  3:57  Marine  
  42  4:05  Command Center  
  44  4:10  Marauder  
  44  4:11  Marine  
  44  4:15  Marine  
Show
View Real Time Build Order
Export as new Build Order

qqq Zerg - Winner!

Build Orders: Hatch First 

Get SALT Encoding   

  12  0:05  Drone  
  13  0:08  Drone  
  14  0:18  Overlord  
  14  0:46  Hatchery  
  14  0:49  Drone  
  14  1:01  Drone  
  14  1:02  Drone x2  
  17  1:16  Drone  
  18  1:26  Spawning Pool  
  17  1:33  Drone  
  17  1:34  Extractor  
  17  1:47  Drone x2  
  19  2:11  Drone  
  19  2:13  Drone  
  21  2:20  Hatchery  
  20  2:28  Queen  
  20  2:29  Drone  
  23  2:36  Metabolic Boost  
  23  2:46  Overlord  
  22  2:56  Overlord  
  22  3:04  Zergling x4  
  22  3:05  Zergling x2  
  25  3:09  Zergling x2  
  26  3:16  Zergling x2  
  27  3:28  Zergling x2  
  27  3:32  Queen  
  27  3:33  Drone  
  31  3:37  Zergling x4  
  31  3:39  Zergling x2  
  34  3:47  Spine Crawler, Zergling x2  
  34  3:49  Zergling x2  
  34  3:53  Zergling x2  
  36  3:57  Zergling x2  
  37  4:08  Zergling x2  
Show
View Real Time Build Order
Export as new Build Order

RsTich Zerg 

Build Orders: Hatch First 

Get SALT Encoding   

  12  0:00  Drone  
  13  0:15  Drone  
  13  0:17  Overlord  
  14  0:25  Extractor, Drone  
  15  0:37  Drone x2  
  17  0:57  Drone  
  17  0:59  Hatchery  
  17  1:03  Drone  
  18  1:11  Extractor  
  17  1:17  Spawning Pool  
  16  1:19  Drone  
  16  1:25  Drone  
  18  1:30  Drone  
  19  1:43  Overlord  
  19  2:05  Queen  
  21  2:09  Zergling x4  
  21  2:11  Queen  
  21  2:12  Drone  
  21  2:15  Metabolic Boost  
  26  2:21  Drone  
  27  2:24  Drone x2  
  29  2:34  Zergling x2  
  29  2:35  Drone  
  31  2:39  Baneling Nest  
  30  2:45  Drone x2  
  32  3:05  Drone x3, Hatchery  
  34  3:14  Drone x2  
  34  3:17  Overlord  
  36  3:25  Extractor, Drone  
  36  3:26  Extractor, Drone  
  38  3:36  Zergling x12  
  44  3:47  Overlord x3  
  44  4:00  Overlord x3  
  44  4:05  Baneling x2  
  44  4:06  Baneling  
  44  4:08  Zergling x2  
  44  4:09  Zergling x6  
  48  4:12  Overlord  
Show
View Real Time Build Order
Export as new Build Order

KäseKurt Protoss 

Build Orders: Cannon Rush 

Get SALT Encoding   

  12  0:00  Probe  
  13  0:12  Probe  
  14  0:19  Pylon  
  14  0:24  Probe  
  15  0:37  Forge  
  15  0:40  Probe  
  16  0:54  Probe  
  17  1:10  Probe  
  18  1:22  Pylon  
  19  1:25  Probe  
  19  1:31  Gateway  
  19  1:43  Photon Cannon  
  19  1:44  Photon Cannon  
  19  1:50  Photon Cannon  
  19  1:52  Pylon  
  19  1:53  Probe  
  20  2:05  Probe  
  21  2:08  Assimilator  
  21  2:15  Pylon  
  21  2:23  Assimilator  
  21  2:28  Cybernetics Core  
  21  2:30  Probe  
  22  2:43  Probe  
  23  2:55  Probe  
  24  3:04  Nexus  
  24  3:08  Probe (Chrono Boost)  
  25  3:20  Stargate  
  25  3:21  Probe (Chrono Boost)  
  26  3:32  Probe  
  27  3:44  Probe  
  28  3:56  Probe, Photon Cannon  
  28  3:58  Pylon  
  29  4:08  Probe  
  33  4:20  Probe  
  33  4:21  Pylon  
  33  4:24  Photon Cannon  
Tags
 
Add a new tag
Caveats
  • Supply blocks, unpowered buildings, or Contaminate may cause inaccurate times.
  • Supply counts are checked every 10 seconds.